 Dungeon Crawl Stone Soup version 0.22.1-2-g9c5b331383 (webtiles) character file.

3452 Forgol the Thaumaturge (level 9, -6/46 HPs)
             Began as a Deep Elf Conjurer on Dec 19, 2018.
             Was a Follower of Vehumet.
             Mangled by a spiny frog (7 damage)
             ... on level 1 of the Lair of Beasts on Dec 20, 2018.
             The game lasted 01:33:50 (11673 turns).

Forgol the Thaumaturge (Deep Elf Conjurer)         Turns: 11673, Time: 01:33:50

Health: -6/46      AC:  4    Str:  6    XL:     9   Next: 78%
Magic:  3/26       EV: 16    Int: 23    God:    Vehumet [*.....]
Gold:   254        SH:  0    Dex: 15    Spells: 11/30 levels left

rFire    + + +     SeeInvis .   y - +2 dagger (elec)
rCold    + . .     Gourm    .   (no shield)
rNeg     . . .     Faith    .   v - +2 robe {rF+}
rPois    +         Spirit   .   (no helmet)
rElec    .         Reflect  .   b - scarf {rC+ rF+}
rCorr    .         Harm     .   (no gloves)
MR       .....                  (no boots)
Stlth    +++.......             (no amulet)
HPRegen  0.15/turn              f - ring of protection from fire
MPRegen  0.20/turn              w - ring of poison resistance

@: no status effects
A: no striking features
a: Renounce Religion


You were on level 1 of the Lair of Beasts.
You worshipped Vehumet.
Vehumet was aware of your devotion.
You were not hungry.

You visited 3 branches of the dungeon, and saw 10 of its levels.

You collected 254 gold pieces.

Inventory:

Hand Weapons
 g - a +0 dagger
 r - a +3 spear
 u - a +0 short sword
 y - a +2 dagger of electrocution (weapon)
 F - a +1 morningstar of protection
Armour
 a - a +2 robe
 b - a scarf of resistance (worn)
 j - a +0 robe
 v - a +2 robe of fire resistance (worn)
 G - a +0 pair of gloves
 K - a +1 leather armour of magic resistance
Jewellery
 f - a ring of protection from fire (left hand)
 o - an uncursed ring of positive energy
 w - a ring of poison resistance (right hand)
 J - an uncursed ring of protection from cold {unknown}
Wands
 C - a wand of iceblast (10)
 D - a wand of flame (64)
 H - a wand of clouds (4)
 O - a wand of scattershot (3)
Scrolls
 d - 2 scrolls of enchant armour
 e - 2 scrolls of fear
 k - a scroll of fog {unknown}
 m - 5 scrolls of teleportation
 s - a scroll of immolation {unknown}
 x - 4 scrolls of remove curse
 B - a scroll of blinking
 E - a scroll of magic mapping
 N - a scroll of silence {unknown}
Potions
 h - a potion of haste
 i - a potion of resistance {unknown}
 l - a potion of agility {unknown}
 n - a potion of brilliance {unknown}
 p - 3 potions of curing
 q - 2 potions of mutation
 t - a potion of invisibility {unknown}
 z - 3 potions of might
 A - a potion of cancellation {unknown}
 M - a potion of magic {unknown}
Comestibles
 c - 14 rations


   Skills:
 + Level 0.7 Fighting
 + Level 6.3 Dodging
 + Level 3.7 Stealth
 + Level 11.0 Spellcasting
 + Level 9.9 Conjurations
 + Level 3.2 Translocations
 + Level 4.6 Fire Magic


You had 11 spell levels left.
You knew the following spells:

 Your Spells              Type           Power        Failure   Level  Hunger
a - Magic Dart            Conj           ####         1%          1    None
b - Iskenderun's Mystic   Conj           ######..     1%          4    None
c - Conjure Flame         Conj/Fire      #####...     1%          3    None
d - Blink                 Tloc           N/A          1%          2    None
e - Searing Ray           Conj           ######       1%          2    None
f - Force Lance           Conj/Tloc      #####...     3%          4    None
g - Mephitic Cloud        Conj/Pois/Air  ####....     3%          3    None

Your spell library contained the following spells:

 Spells                   Type           Power        Failure   Level  Hunger
 Flame Tongue             Conj/Fire      #####        1%          1    None
 Dazzling Spray           Conj/Hex       #####.       1%          3    None
 Confusing Touch          Hex            ##....       4%          1    None
 Gell's Gravitas          Tloc           ####......   4%          3    None
 Fulminant Prism          Conj/Hex       #####.....   6%          4    None
 Call Imp                 Summ           ##......     8%          2    None
 Slow                     Hex            ##......     8%          2    None
 Confuse                  Hex            ##......     16%         3    None
 Petrify                  Tmut/Erth      ##......     45%         4    None
 Metabolic Englaciation   Hex/Ice        ##........   80%         5    ####...
 Yara's Violent Unravell  Hex/Tmut       ##........   80%         5    ####...


Dungeon Overview and Level Annotations

Branches:
Dungeon (8/15)             Temple (1/1) D:6            Lair (1/6) D:8

Altars:
Ashenzari
Cheibriados
Dithmenos
Elyvilon
Fedhas
Hepliaklqana
Kikubaaqudgha
Makhleb
Nemelex Xobeh
Okawaru
Qazlal
Ru
Sif Muna
Trog
Vehumet
Wu Jian
Xom
Yredelemnul
Zin
The Shining One

Annotations:
D:4 Duvessa
D:8 Erica


Message History

Vehumet says: Let it end in hellfire!
Press ? for a list of commands and other information.
Unknown command.
Cast which spell? (? or * to list)
Aiming: Iskenderun's Mystic Blast (safe; 1% risk of failure)
Press: ? - help, Shift-Dir - straight line, f - water moccasin
Aim: a water moccasin The orb of energy misses the water moccasin.
The water moccasin bites you but does no damage.
You can't go up here!
The water moccasin misses you.
You climb downwards.
Welcome back to the Lair of Beasts!
The spiny frog stings you!
There is a staircase back to the Dungeon, spattered with blood here.
The water moccasin closely misses you. The spiny frog stings you!
* * * LOW HITPOINT WARNING * * *
The water moccasin bites you!
* * * LOW HITPOINT WARNING * * *
The spiny frog stings you!
You die...

#....####[##.....#######.
..## #.................. . #.
#..................
...+.................. .P ♣
.#.......##.##..#..##.##.# .
.[#.......######...........
#F. ..##.....................
#.. . #......................
...#.#..........@F...........
...#####......S.............
# #..####...##.#.............
###.P...............P........
.#......................#####
♣♣......................##
.........................#
#..................#....##.
............................


You could see a spiny frog and a water moccasin.

Vanquished Creatures
  A black mamba (Lair:1)
  2 spiny frogs
  A hippogriff (Lair:1)
  A yak (Lair:1)
  A hungry ghost (D:5)
  A porcupine (Lair:1)
  An ice beast (D:8)
  A sky beast (D:8)
  An orc warrior (D:6)
  An ogre (D:6)
  4 bullfrogs
  A wyvern zombie (D:7)
  2 scorpions
  A water moccasin skeleton (D:7)
  5 wights (D:7)
  2 howler monkeys
  3 crimson imps
  3 hounds
  2 orc priests
  An iguana (D:8)
  Jessica (D:2)
  7 orc wizards
  4 worker ants
  A hound skeleton (D:4)
  9 gnolls
  7 adders
  A shadow imp (D:7)
  An adder skeleton (D:4)
  An adder zombie (D:6)
  2 worms (D:2)
  2 dart slugs
  10 leopard geckos
  25 orcs
  8 bats
  5 giant cockroaches
  4 goblins
  9 hobgoblins
  8 jackals
  A ball python (D:2)
  4 frilled lizards
  A jackal skeleton (D:6)
  5 kobolds
  7 rats
158 creatures vanquished.

Notes
Turn   | Place    | Note
-------+----------+-------------------------------------------
     0 | D:1      | Forgol the Deep Elf Conjurer began the quest for the Orb.
     0 | D:1      | Reached XP level 1. HP: 10/10 MP: 6/6
   186 | D:1      | Reached XP level 2. HP: 15/15 MP: 4/8
   259 | D:1      | Reached skill level 5 in Conjurations
   983 | D:1      | Reached XP level 3. HP: 19/19 MP: 7/9
  1907 | D:2      | Reached XP level 4. HP: 24/24 MP: 7/10
  2442 | D:2      | Learned a level 4 spell: Iskenderun's Mystic Blast
  2485 | D:2      | Noticed Jessica
  2530 | D:2      | Killed Jessica
  2627 | D:3      | Reached XP level 5. HP: 23/28 MP: 5/11
  3081 | D:3      | Learned a level 3 spell: Conjure Flame
  3496 | D:3      | Found a glowing golden altar of the Shining One.
  3543 | D:3      | Found a stormy altar of Qazlal.
  4158 | D:4      | Noticed an orc warrior
  4222 | D:4      | Reached skill level 1 in Fire Magic
  4306 | D:4      | Learned a level 2 spell: Blink
  4736 | D:4      | Reached XP level 6. HP: 32/32 MP: 5/13
  4974 | D:4      | Noticed Duvessa
  4980 | D:5      | Entered Level 5 of the Dungeon
  5157 | D:5      | Found a glowing silver altar of Zin.
  5613 | D:5      | Learned a level 2 spell: Searing Ray
  5737 | D:5      | Found a blossoming altar of Fedhas.
  5738 | D:5      | Found a shimmering altar of Xom.
  5754 | D:5      | Reached skill level 4 in Spellcasting
  6135 | D:5      | Found a burning altar of Makhleb.
  6313 | D:5      | Reached XP level 7. HP: 35/36 MP: 12/16
  6633 | D:6      | Reached skill level 5 in Spellcasting
  6764 | D:6      | Noticed a hungry ghost
  6767 | D:6      | Found an ornate altar of the Wu Jian Council.
  6854 | D:5      | Killed a hungry ghost
  6854 | D:5      | Reached skill level 6 in Spellcasting
  7047 | D:6      | Found a staircase to the Ecumenical Temple.
  7055 | Temple   | Entered the Ecumenical Temple
  7119 | Temple   | Became a worshipper of Vehumet
  7374 | D:6      | Reached XP level 8. HP: 25/41 MP: 13/20
  7691 | D:6      | Reached skill level 7 in Spellcasting
  7723 | D:6      | Learned a level 4 spell: Force Lance
  8086 | D:6      | Reached skill level 5 in Dodging
  8824 | D:7      | Reached skill level 8 in Spellcasting
  9426 | D:7      | Reached * piety under Vehumet
  9426 | D:7      | Offered knowledge of Flame Tongue by Vehumet.
  9756 | D:8      | Noticed a skeletal warrior
  9761 | D:8      | Noticed a skeletal warrior
 10673 | D:8      | Reached skill level 9 in Spellcasting
 10784 | D:8      | Noticed a skeletal warrior
 10986 | D:8      | Noticed Erica
 10988 | D:8      | Reached XP level 9. HP: 45/45 MP: 8/24
 11129 | D:8      | Reached skill level 1 in Translocations
 11188 | D:8      | Found a staircase to the Lair.
 11191 | Lair:1   | Entered Level 1 of the Lair of Beasts
 11262 | Lair:1   | Noticed a spiny frog
 11265 | Lair:1   | Killed a spiny frog
 11268 | Lair:1   | Noticed a spiny frog
 11294 | D:8      | Killed a spiny frog
 11294 | D:8      | Reached skill level 10 in Spellcasting
 11440 | D:8      | Learned a level 3 spell: Mephitic Cloud
 11638 | Lair:1   | Noticed a black mamba
 11645 | Lair:1   | Killed a black mamba
 11647 | Lair:1   | Reached skill level 11 in Spellcasting
 11647 | Lair:1   | Noticed a spiny frog
 11673 | Lair:1   | HP: 1/46 [water moccasin (7)]
 11673 | Lair:1   | Mangled by a spiny frog

Skill      XL: |  1  2  3  4  5  6  7  8  9 |
---------------+----------------------------+-----
Conjurations   | 5 6 7 8 9 |  9.9
Dodging        | 3 4 6 |  6.3
Fire Magic     | 1 2 3 4 |  4.6
Spellcasting   | 4 6 9 11 | 11.0
Translocations | 3 |  3.2
Stealth        | 3 |  3.7
Fighting       | |  0.7

Action                   |  1- 3 |  4- 6 |  7- 9 || total
-------------------------+-------+-------+-------++-------
Melee: Dagger            |       |    12 |    60 ||    72
 Cast: Magic Dart        |    80 |   177 |   133 ||   390
       Iskenderun's Myst |       |     5 |    82 ||    87
       Blink             |       |     2 |     8 ||    10
       Searing Ray       |       |       |     1 ||     1
  Use: Scroll            |       |     9 |     5 ||    14
  Eat: Chunk             |     3 |     6 |    13 ||    22
       Ration            |       |     3 |     3 ||     6
Armor: Robe              |     1 |     9 |    15 ||    25
Dodge: Dodged            |    14 |    26 |    64 ||   104
